 Dungeon Crawl Stone Soup version 0.27.0-1-g7a089689b8 (webtiles) character file.

Game seed: 1453661122989445175

74 robertstho the Shooter (level 4, -1/37 HPs)
             Began as a Minotaur Hunter on Aug 16, 2021.
             Slain by an orc (4 damage)
             ... on level 3 of the Dungeon.
             The game lasted 00:02:08 (1827 turns).

robertstho the Shooter (Minotaur Hunter)            Turns: 1827, Time: 00:02:09

Health: -1/37      AC:  6    Str: 16    XL:     4   Next: 10%
Magic:  3/3        EV: 10    Int:  8    God:
Gold:   66         SH:  0    Dex: 12    Spells: 3/3 levels left

rFire    . . .     SeeInvis .   a - +1 shortbow
rCold    . . .     Faith    .   (shield currently unavailable)
rNeg     . . .     Spirit   .   h - +0 scale mail
rPois    .         Reflect  .   (helmet restricted)
rElec    .         Harm     .   (no cloak)
rCorr    .         Rampage  .   (no gloves)
Will     .....                  (no boots)
Stlth    ..........             (no amulet)
HPRegen  0.12/turn              (no ring)
MPRegen  0.08/turn              (no ring)

@: flying
A: horns 2, retaliatory headbutt
a: no special abilities


You were on level 3 of the Dungeon.
You visited 1 branch of the dungeon, and saw 3 of its levels.

You collected 66 gold pieces.

Inventory:

Hand Weapons
 a - a +1 shortbow (weapon)
 b - a +0 short sword
Missiles
 d - 7 arrows (quivered ammo)
Armour
 h - a +0 scale mail (worn)
Scrolls
 c - a scroll of enchant armour {unknown}
 l - a scroll of teleportation {unknown}
Potions
 f - a potion of heal wounds {unknown}
 g - a potion of ambrosia {unknown}
 i - a potion of curing {unknown}
 j - a potion of lignification {unknown}
 k - a potion of haste {unknown}
 m - a potion of attraction {unknown}


   Skills:
 * Level 2.9 Fighting
 * Level 5.9 Bows
 + Level 0.9 Armour
 + Level 2.3 Dodging
 + Level 0.7 Stealth


You had 3 spell levels left.
You didn't know any spells.
Your spell library was empty.

Dungeon Overview and Level Annotations

Branches:
Dungeon (3/15)

Altars:

Shops:
D:1 *

Annotations:
D:1 Great shop


Innate Abilities, Weirdness & Mutations

You have a pair of horns on your head.
You reflexively headbutt those who attack you in melee.


Message History

The orc closely misses you.
The orc priest invokes the aid of Beogh against you.
Beogh smites you!
You barely miss the orc. You headbutt the orc.
The orc is heavily wounded.
The orc hits you but does no damage. The orc hits you with a +0 flail.
A jackal comes into view.
You are too injured to fight recklessly!
You are too injured to fight recklessly!
You are too injured to fight recklessly!
You are too injured to fight recklessly!
You are too injured to fight recklessly!
You are too injured to fight recklessly!
You are too injured to fight recklessly!
You are too injured to fight recklessly!
You are too injured to fight recklessly!
You are too injured to fight recklessly!
You are too injured to fight recklessly!
You are too injured to fight recklessly!
You are too injured to fight recklessly!
You are too injured to fight recklessly!
You are too injured to fight recklessly!
You are too injured to fight recklessly!
You are too injured to fight recklessly!
You are too injured to fight recklessly!
You are too injured to fight recklessly!
You are too injured to fight recklessly!
Unknown command.
The orc priest calls down the wrath of Beogh upon you.
Beogh smites you!
* * * LOW HITPOINT WARNING * * *
a - a +1 shortbow (weapon)
The orc barely misses you. You furiously retaliate!
You headbutt the orc!
You kill the orc!
It was a potion of flight.
You feel very buoyant.
You fly up into the air.
The orc priest looks satisfied for a moment.
The orc hits you with a +0 flail.
You die...

.. ##. .. #.#
.. ##.# ##..#
#.@# #o##
#)### #o..#
#####o######
#....h.....#
#?...o<....#
#......)......
#..........###


You could see an orc priest and an orc.

Vanquished Creatures
  An adder (D:2)
  2 dart slugs (D:2)
  2 orcs (D:3)
  2 endoplasms (D:2)
  A giant cockroach (D:2)
  6 goblins
  3 hobgoblins
  13 jackals
  5 ball pythons
  3 bats
  3 frilled lizards
  5 kobolds
  7 rats
53 creatures vanquished.

Notes
Turn   | Place    | Note
-------+----------+-------------------------------------------
     0 | D:1      | robertstho the Minotaur Hunter began the quest for the Orb.
     0 | D:1      | Reached XP level 1. HP: 18/18 MP: 0/0
   120 | D:1      | Reached XP level 2. HP: 25/25 MP: 1/1
   202 | D:1      | Reached skill level 5 in Bows
   539 | D:1      | Found a faded altar of an unknown god.
   674 | D:1      | Found Ibramits's Assorted Antiques.
   679 | D:1      | Reached XP level 3. HP: 30/30 MP: 2/2
  1791 | D:2      | Reached XP level 4. HP: 37/37 MP: 3/3
  1827 | D:3      | Slain by an orc

Illustrated notes

Levels and vault maps discovered:
D:1:      pf_arrival_petrified_forest, layout_loops_ring,
          basic_ecumenical_altar, serial_shops, shop, minmay_misc_feat_columns,
          roderic_st_hans_cross, hangedman_feature_mirror,
          minmay_shallow_snake_nest
D:2:      layout_basic
D:3:      layout_rooms, glass_columns_a, grunt_ministairs_13,
          lightli_corner_chamber, uniq_sigmund

Skill      XL: |  1  2 |
---------------+-------+-----
Bows           | 5 |  5.9
Fighting       | |  2.9
Armour         | |  0.9
Dodging        | |  2.3
Stealth        | |  0.7

Action                   |  1- 3 |  4- 6 || total
-------------------------+-------+-------++-------
Melee: Short sword       |    20 |     6 ||    26
       Headbutt          |     6 |     4 ||    10
 Fire: Shortbow          |   100 |       ||   100
  Use: Potion            |       |     1 ||     1
Armor: Leather armour    |     5 |       ||     5
       Scale mail        |    19 |     3 ||    22
Dodge: Dodged            |    35 |     4 ||    39
